Map: [TLMC21] Taito Citadel

Players

Geralt (Gerald)

  • Race: Protoss Protoss
  • League: Grandmaster
  • Spawn Location: 5:00

Krystianer - Winner!

  • Race: Protoss Protoss
  • League: Grandmaster
  • Spawn Location: 11:00

VOD

Have the link to the VOD?

Description

Time

  • Played on: Oct. 12, 2025, 1:44 p.m.
  • Length: 12:08
Show
View Real Time Build Order
Export as new Build Order

Geralt Protoss 

Build Orders: Blink Stalkers 

Get SALT Encoding   

  12  0:00  Probe  
  13  0:12  Probe  
  14  0:17  Pylon  
  14  0:23  Probe  
  15  0:31  Probe  
  16  0:37  Gateway  
  16  0:39  Probe  
  16  0:45  Assimilator  
  17  0:51  Probe  
  17  0:54  Assimilator  
  18  0:59  Probe  
  19  1:07  Gateway, Probe  
  19  1:17  Probe  
  20  1:24  Cybernetics Core  
  21  1:29  Probe  
  22  1:33  Pylon  
  22  1:41  Probe  
  23  1:53  Probe  
  24  1:58  Stalker x2  
  28  2:01  Warp Gate  
  28  2:05  Probe  
  29  2:12  Pylon  
  29  2:15  Pylon  
  29  2:19  Probe  
  30  2:27  Stalker  
  30  2:34  Stalker  
  34  2:43  Probe  
  35  3:00  Shield Battery  
  33  3:13  Nexus  
  33  3:21  Twilight Council  
  33  3:26  Shield Battery  
  33  3:35  Probe  
  32  3:42  Blink  
  33  3:49  Gateway  
  33  3:53  Stalker x2  
  36  3:56  Shield Battery  
  36  4:08  Pylon  
  36  4:13  Probe  
  37  4:30  Stalker x2  
  37  4:31  Probe  
  42  4:43  Probe  
  42  4:44  Stalker  
  45  4:45  Probe  
  46  4:59  Probe  
  47  5:03  Stalker  
  47  5:04  Stalker  
  51  5:08  Robotics Facility  
  51  5:11  Probe x2  
  53  5:18  Sentry  
  55  5:23  Probe x2  
  57  5:34  Pylon  
  57  5:35  Probe x2  
  59  5:44  Nexus  
  60  5:57  Observer  
  60  6:00  Stalker x3  
  66  6:04  Pylon  
  66  6:15  Immortal, Shield Battery  
  66  6:27  Stalker x3  
  58  6:38  Probe  
  50  6:51  Stalker x2  
  50  6:53  Zealot  
  56  7:00  Probe  
  49  7:10  Immortal  
  49  7:12  Probe  
  49  7:13  Probe  
  53  7:25  Probe  
  53  7:28  Probe  
  50  7:37  Probe  
  50  7:38  Stalker x2  
  50  7:41  Warp Prism  
  56  7:51  Probe  
  55  8:04  Charge  
  55  8:16  Stalker x3  
  55  8:17  Probe  
  62  8:28  Probe  
  62  8:33  Probe  
  63  8:53  Sentry, Zealot x2  
  67  8:58  Immortal  
  49  9:20  Probe  
  49  9:21  Stalker x2  
  52  9:31  Gateway  
  52  9:32  Probe  
  52  9:33  Probe  
  52  9:36  Gateway  
  52  9:38  Stalker  
  56  9:41  Gateway x2  
  56  9:45  Zealot  
  56  9:46  Zealot  
  56  9:48  Pylon  
  57  9:53  Probe  
  57  9:55  Probe  
  57  9:57  Immortal  
  60  10:21  Zealot x3  
  60  10:26  Pylon  
  60  10:28  Pylon  
  66  10:33  Observer  
  66  10:35  Stalker  
  55  11:04  Stalker x3  
  55  11:05  Zealot x2  
  53  11:26  Probe  
  50  11:33  Zealot  
Show
View Real Time Build Order
Export as new Build Order

Krystianer Protoss - Winner!

Build Orders: Oracle Opening 

Get SALT Encoding   

  12  0:00  Probe  
  13  0:12  Probe  
  14  0:17  Pylon  
  14  0:22  Probe  
  15  0:31  Probe  
  16  0:37  Gateway  
  16  0:40  Probe  
  16  0:45  Assimilator  
  17  0:52  Probe  
  17  0:54  Assimilator  
  18  1:00  Probe  
  19  1:06  Gateway  
  19  1:08  Probe  
  20  1:18  Probe  
  20  1:25  Cybernetics Core  
  21  1:30  Probe  
  22  1:40  Pylon  
  22  1:43  Probe  
  23  2:01  Stargate  
  23  2:03  Adept  
  23  2:04  Adept  
  23  2:08  Pylon  
  27  2:14  Probe  
  28  2:28  Probe  
  29  2:34  Oracle  
  32  2:50  Probe  
  36  2:52  Warp Gate  
  36  2:59  Zealot  
  36  3:02  Probe  
  36  3:03  Robotics Facility  
  35  3:16  Shield Battery  
  35  3:17  Probe  
  35  3:18  Stalker  
  35  3:19  Pylon  
  37  3:37  Probe  
  38  3:42  Pylon  
  38  3:49  Pylon  
  38  3:52  Immortal  
  45  4:06  Nexus  
  45  4:08  Probe  
  43  4:20  Probe  
  44  4:29  Immortal  
  48  4:40  Sentry x2  
  48  4:41  Pylon  
  52  4:48  Gateway  
  52  4:59  Warp Prism  
  52  5:09  Pylon  
  54  5:18  Sentry x2  
  58  5:22  Immortal  
  58  5:25  Gateway  
  58  5:42  Stalker x3  
  64  6:05  Stalker x3  
  64  6:10  Pylon  
  70  6:11  Pylon  
  70  6:27  Stalker  
  70  6:29  Stalker x2, Zealot  
  66  6:52  Stalker x2, Zealot x2  
  68  6:57  Immortal  
  62  7:08  Probe  
  57  7:18  Probe  
  57  7:20  Probe  
  57  7:23  Immortal  
  55  7:30  Probe  
  55  7:32  Probe  
  59  7:43  Assimilator  
  59  7:46  Probe  
  59  7:47  Probe  
  61  7:53  Twilight Council  
  61  7:58  Immortal  
  61  8:02  Probe, Assimilator  
  61  8:05  Shield Battery  
  66  8:10  Stalker  
  70  8:26  Gateway  
  68  8:28  Gateway  
  68  8:30  Charge  
  68  8:33  Warp Prism  
  70  8:44  Gateway  
  70  8:50  Templar Archives  
  70  8:57  Zealot x2  
  70  9:01  Zealot  
  62  9:10  Immortal  
  66  9:28  High Templar x2  
  70  9:32  Pylon  
  70  9:33  Zealot x2  
  70  9:34  Archon  
  74  9:38  Zealot x2  
  74  9:42  Zealot  
  80  9:55  High Templar  
  80  9:56  High Templar  
  81  10:00  Archon  
  81  10:01  Zealot x3  
  87  10:13  Pylon  
  87  10:15  Pylon  
  87  10:27  Pylon  
  87  10:32  High Templar x3  
  87  10:35  High Templar x2, Zealot x4  
  95  10:39  Archon  
  99  10:54  Observer  
  99  10:58  High Templar  
  99  10:59  High Templar, Zealot x3  
  99  11:03  Archon  
  110  11:07  Observer  
  99  11:24  Zealot x2  
  99  11:25  Zealot  
Tags
 
Add a new tag
Caveats
  • Supply blocks, unpowered buildings, or Contaminate may cause inaccurate times.
  • Supply counts are checked every 10 seconds.